 Dungeon Crawl Stone Soup version 0.28.0-53-g5a82cb258f (webtiles) character file.

Game seed: 11660372077905292227

3353 safid the Severer (level 10, -15/86 HPs)
             Began as a Hill Orc Fighter on Aug 18, 2022.
             Was a Follower of Okawaru.
             Killed by the air
             ... invoked by Gastronok
              (25 damage)
             ... on level 8 of the Dungeon.
             The game lasted 00:07:55 (6232 turns).

safid the Severer (Hill Orc Fighter)                Turns: 6232, Time: 00:07:56

Health: -15/86     AC:  8    Str: 31    XL:     10   Next: 3%
Magic:  8/10       EV: 15    Int:  8    God:    Okawaru [*.....]
Gold:   168        SH:  6    Dex: 10    Spells: 9/9 levels left

rFire   . . .      SeeInvis +   a - +0 war axe
rCold   . . .      Faith    .   c - +0 buckler
rNeg    . . .      Spirit   .   b - +0 scale mail
rPois   .          Reflect  .   (no helmet)
rElec   .          Harm     .   (no cloak)
rCorr   +          Rampage  .   (no gloves)
Will    .....                   (no boots)
Stlth   +.........              s - amulet "Genaoris" {Regen+ Str+7}
HPRegen 1.04/turn               z - +4 ring of evasion
MPRegen 0.12/turn               v - ring of Compulsion {rCorr SInv}

@: about to teleport, heroic, mesmerised
A: no striking features
a: Renounce Religion, Heroism


You were on level 8 of the Dungeon.
You worshipped Okawaru.
Okawaru was aware of your devotion.
You visited 2 branches of the dungeon, and saw 9 of its levels.

You collected 267 gold pieces.
You spent 99 gold pieces at shops.

Inventory:

Hand Weapons
 a - a +0 war axe (weapon)
Missiles
 i - 2 curare-tipped darts
 o - 3 poisoned darts (quivered)
Armour
 b - a +0 scale mail (worn)
 c - a +0 buckler (worn)
Jewellery
 s - the amulet "Genaoris" (around neck) {Regen+ Str+7}
   (You found it on level 4 of the Dungeon)

   [amulet of regeneration]

   Str:       It affects your strength (+7).
   Regen:     It increases your rate of health regeneration.
 v - the ring of Compulsion (right hand) {rCorr SInv}
   (You found it on level 6 of the Dungeon)

   [ring of see invisible]

   SInv:      It lets you see invisible.
   rCorr:     It protects you from acid and corrosion.
 z - a +4 ring of evasion (left hand)
Wands
 l - a wand of digging (8)
 t - a wand of flame (22)
 u - a wand of polymorph (9)
 x - a wand of mindburst (10)
Scrolls
 e - a scroll of torment
 f - a scroll of summoning
 h - 3 scrolls of fear
 j - a scroll of enchant armour
 m - 3 scrolls of blinking
 q - 2 scrolls of enchant weapon
 r - a scroll of vulnerability
 w - a scroll of teleportation
 y - a scroll of immolation
 A - 2 scrolls of fog
 D - a scroll of amnesia
 F - a scroll of magic mapping {unknown}
Potions
 d - a potion of degeneration
 g - a potion of cancellation {unknown}
 n - a potion of flight {unknown}
 p - a potion of magic {unknown}
 B - a potion of curing
 C - a potion of brilliance {unknown}


   Skills:
 + Level 7.4(12.4) Fighting
 - Level 16.0(21.0) Axes
 - Level 4.0(9.0) Armour
 - Level 4.0(9.0) Shields


You had 9 spell levels left.
You didn't know any spells.
Your spell library contained the following spells:

 Spells                   Type           Power      Damage    Failure   Level
 Sting                    Tmut/Pois      0%         1d3       69%         1
 Poisonous Vapours        Pois/Air       0%         N/A       83%         2
 Conjure Flame            Conj/Fire      0%         6-21      96%         3
 Gell's Gravitas          Tloc           0%         N/A       96%         3
 Ignite Poison            Fire/Tmut/Pois 0%         N/A       96%         3
 Lesser Beckoning         Tloc           0%         N/A       96%         3
 Teleport Other           Tloc           0%         N/A       96%         3
 Olgreb's Toxic Radiance  Pois           0%         N/A       100%        4
 Sticky Flame             Conj/Fire      0%         2d3       100%        4
 Summon Small Mammal      Summ           Unusable   N/A       N/A         1
 Call Canine Familiar     Summ           Unusable   N/A       N/A         3
 Summon Guardian Golem    Hex/Summ       Unusable   N/A       N/A         3

Dungeon Overview and Level Annotations

Branches:
Dungeon (8/15)             Temple (1/1) D:7
   Lair: D:8-11

Altars:
Cheibriados
Dithmenos
Elyvilon
Fedhas
Gozag
Hepliaklqana
Kikubaaqudgha
Makhleb
Nemelex Xobeh
Okawaru
Qazlal
Ru
Sif Muna
Trog
Uskayaw
Vehumet
Wu Jian
Xom
Yredelemnul
Zin
The Shining One

Shops:
D:6 ?

Annotations:
D:8 Gastronok, Maggie


Message History

You hit Gastronok but do no damage. Gastronok bites you but does no damage.
You hit Gastronok but do no damage. You slash Gastronok!
Gastronok is lightly wounded.
Maggie casts a spell.
Maggie attempts to bespell you!
You are mesmerised by Maggie!
Gastronok bites you!
Okay, then.
You hit Gastronok.
Gastronok is lightly wounded.
You slash Gastronok!
Gastronok is moderately wounded.
You slash Gastronok!
Gastronok is moderately wounded.
Gastronok waves his eye-stalks in wide circles.
The air twists around and strikes you!!
* * * LOW HITPOINT WARNING * * *
You feel much better. Maggie barely misses you.
You gain the combat prowess of a mighty hero.
Maggie hits you from afar with a +1 glaive of flaming!
Maggie burns you.
* * * LOW HITPOINT WARNING * * *
Gastronok bites you!
* * * LOW HITPOINT WARNING * * *
Unknown command.
Blink to where?
Press: ? - help, Dir - move target
Okay, then.
As you read the scroll of teleportation, it crumbles to dust.
You feel strangely unstable.
Maggie hits you from afar with a +1 glaive of flaming.
* * * LOW HITPOINT WARNING * * *
Maggie burns you.
* * * LOW HITPOINT WARNING * * *
You cannot move away from Maggie!
It was a potion of curing.
You feel better. You block Maggie's attack.
Gastronok waves his eye-stalks in wide circles.
The air twists around and strikes you!!
You die...

##.# #.## #..# ##.#
#####.## #####...>..##
##...........###########
.......######...........
..###### #....@w@.....
### #............
#..####..?.... #..
###.... #..# #.. #.. #
..# #..


You could see Gastronok and Maggie (mesmerising).

Vanquished Creatures
  A two-headed ogre (D:8)
  Prince Ribbit (D:8)
  Sigmund (D:3)
  3 vampire mosquitoes (D:7)
  2 water moccasins (D:7)
  2 ice beasts
  2 black bears (D:4)
  5 ogres
  2 centaurs (D:6)
  A phantom (D:4)
  2 scorpions
  A water moccasin zombie (D:5)
  4 wights
  A bullfrog zombie (D:6)
  2 orc priests
  A bullfrog skeleton (D:6)
  A hound (D:6)
  2 jellies (D:5)
  2 iguanas
  An orc wizard (D:5)
  2 hound skeletons (D:5)
  A howler monkey skeleton (D:7)
  4 adders
  A white imp (D:6)
  An ufetubus (D:5)
  An adder skeleton (D:4)
  6 worms
  2 dart slugs
  9 orcs
  7 endoplasms
  5 giant cockroaches
  6 goblins
  6 hobgoblins
  2 jackals (D:2)
  3 quokkas
  6 ball pythons
  3 bats
  3 frilled lizards (D:1)
  7 kobolds
  11 rats
123 creatures vanquished.

Notes
Turn   | Place    | Note
-------+----------+-------------------------------------------
     0 | D:1      | safid the Hill Orc Fighter began the quest for the Orb.
     0 | D:1      | Reached XP level 1. HP: 19/19 MP: 1/1
   280 | D:1      | Reached XP level 2. HP: 21/27 MP: 2/2
   355 | D:1      | Reached skill level 3 in Axes
   725 | D:1      | Found a faded altar of an unknown god.
   750 | D:1      | Reached XP level 3. HP: 25/33 MP: 3/3
  1949 | D:3      | Reached XP level 4. HP: 39/39 MP: 4/4
  1993 | D:3      | Noticed Sigmund
  2005 | D:3      | Killed Sigmund
  2006 | D:3      | Reached skill level 6 in Axes
  2006 | D:3      | Reached XP level 5. HP: 29/46 MP: 5/5
  2385 | D:3      | Reached XP level 6. HP: 45/52 MP: 6/6
  2390 | D:3      | Reached skill level 7 in Axes
  2476 | D:3      | Found an ornate altar of the Wu Jian Council.
  3001 | D:4      | Found a stormy altar of Qazlal.
  3001 | D:4      | Noticed a black bear
  3009 | D:4      | Killed a black bear
  3010 | D:4      | Reached skill level 8 in Axes
  3012 | D:4      | Found a blossoming altar of Fedhas.
  3084 | D:4      | Identified the amulet "Genaoris" {Regen+ Str+7}
  3199 | D:4      | Reached XP level 7. HP: 54/59 MP: 7/7
  3246 | D:4      | Reached skill level 9 in Axes
  3297 | D:4      | Reached skill level 10 in Axes
  3343 | D:4      | Found an opulent altar of Gozag.
  3534 | D:5      | Entered Level 5 of the Dungeon
  3543 | D:5      | Reached skill level 11 in Axes
  3543 | D:5      | Reached XP level 8. HP: 57/66 MP: 8/8
  3594 | D:5      | HP: 3/66 [ogre/+0 giant club (29)]
  3789 | D:5      | Reached skill level 12 in Axes
  3848 | D:5      | Found a sparkling altar of Nemelex Xobeh.
  4095 | D:6      | Identified the ring of Compulsion {rCorr SInv}
  4264 | D:6      | Reached skill level 13 in Axes
  4516 | D:6      | Reached XP level 9. HP: 58/71 MP: 9/9
  4584 | D:6      | Found Resoorae's Magic Scroll Emporium.
  4592 | D:6      | Bought a scroll of identify for 22 gold pieces
  4592 | D:6      | Bought a scroll of identify for 22 gold pieces
  4592 | D:6      | Bought a scroll of fog for 22 gold pieces
  4592 | D:6      | Bought a scroll of teleportation for 33 gold pieces
  4687 | D:6      | Found a snail-covered altar of Cheibriados.
  4901 | D:6      | Reached skill level 14 in Axes
  5180 | D:7      | Found a staircase to the Ecumenical Temple.
  5188 | Temple   | Entered the Ecumenical Temple
  5260 | Temple   | Became a worshipper of Warmaster Okawaru
  5347 | D:7      | Reached skill level 15 in Axes
  5721 | D:8      | Noticed Prince Ribbit
  5808 | D:8      | Killed Prince Ribbit
  5809 | D:8      | Reached skill level 16 in Axes
  5869 | D:8      | Noticed a two-headed ogre
  5882 | D:8      | Killed a two-headed ogre
  5882 | D:8      | Reached * piety under Okawaru
  5883 | D:8      | Reached XP level 10. HP: 26/86 MP: 10/10
  5991 | D:8      | Found a glowing silver altar of Zin.
  5993 | D:8      | Found a shimmering altar of Xom.
  6091 | D:8      | Found an ancient bone altar of Kikubaaqudgha.
  6094 | D:8      | Found a hazy altar of Hepliaklqana.
  6095 | D:8      | Found a basalt altar of Yredelemnul.
  6216 | D:8      | Noticed Gastronok
  6220 | D:8      | Noticed Maggie
  6231 | D:8      | HP: 3/86 [Maggie/+1 glaive of flaming (5)]
  6232 | D:8      | Killed from afar by Gastronok

Illustrated notes

Levels and vault maps discovered:
D:1:      ebering_trefoil_3fold, layout_loops_ring, basic_ecumenical_altar,
          minmay_misc_feat_plants
D:2:      layout_basic
D:3:      layout_loops_corners, mainiacjoe_overflow_concentric_impassable,
          grunt_decor_cap, grunt_decor_clamped, uniq_sigmund
D:4:      layout_rooms, grunt_temple_overflow_forces_of_nature,
          grunt_gozag_statues, corexii_leaking_fountain
D:5:      layout_basic, nemelex_spade_bored_becter
D:6:      layout_gridville, cheibrodos_worm_habitat, serial_shops,
          nicolae_shop_waterfront
D:7:      layout_rooms, minmay_temple_entry_mist
D:8:      layout_cave_pods, kennysheep_little_box,
          nicolae_overflow_hidden_temple, serial_shops,
          nicolae_shop_advertising_works [nicolae_subvault_shop_adworks],
          uniq_maggie, uniq_gastronok, uniq_erica, uniq_prince_ribbit1
Temple:   eino_temple_lava

Skill      XL: |  1  2  3  4  5  6  7  8  9 |
---------------+----------------------------+-----
Axes           | 3 6 8 11 13 16 | 16.0
Fighting       | 4 7 |  7.4
Shields        | 4 |  4.0
Armour         | 4 |  4.0

Action                   |  1- 3 |  4- 6 |  7- 9 | 10-12 || total
-------------------------+-------+-------+-------+-------++-------
Melee: War axe           |   142 |    67 |   217 |    10 ||   436
Throw: Dart              |       |       |     2 |       ||     2
Invok: Heroism           |       |       |       |     1 ||     1
  Use: Potion            |       |     1 |     1 |     2 ||     4
       Scroll            |       |       |    11 |     1 ||    12
Armor: Scale mail        |    40 |    28 |    64 |     1 ||   133
Dodge: Dodged            |    63 |    27 |    85 |     1 ||   176
Block: Buckler           |    29 |    13 |    47 |     1 ||    90
